Stars vs Senateurs

Created - January 31, 2021 at 19:31

Goals
1 2 3 T
Stars 1 2 4 7
Senateurs 0 4 2 6
Shots
1 2 3 T
Stars 8 19 9 36
Senateurs 10 14 9 33

1st period

1. Stars , Brian Lee 8 (Jussi Jokinen 21, Shane O'Brien 8) at 18:22 (PP)

Penalties :
Peter Regin (Ott) for Roughing (Minor) at 17:43

2nd period

2. Senateurs , Cody Franson 7 (Marek Svatos 14, Dion Phaneuf 20) at 4:31
3. Senateurs , Derek Boogaard 12 (Colby Armstrong 11) at 10:42 (PP)
4. Stars , Alex Chiasson 14 (Jussi Jokinen 22, Shane O'Brien 9) at 11:26
5. Senateurs , Sidney Crosby 22 (Dion Phaneuf 21, Cody Franson 12) at 11:56 (PP)
6. Senateurs , Sidney Crosby 23 (Dion Phaneuf 22, Cody Franson 13) at 12:16
7. Stars , Jussi Jokinen 20 (Brian Lee 28, Ian White 14) at 14:47

Penalties :
Dion Phaneuf (Ott) for Roughing (Minor) at 0:52, John Tavares (Dal) for Roughing (Minor) at 4:34, Jussi Jokinen (Dal) for Tripping (Minor) at 8:45, John Tavares (Dal) for Holding (Minor) at 9:08, Dion Phaneuf (Ott) for Slashing (Minor) at 9:13, Brian Lee (Dal) for Hooking (Minor) at 11:41, Cody Franson (Ott) for Delaying the game (Minor) at 14:57

3rd period

8. Stars , John Tavares 24 (Guillaume Latendresse 32) at 0:57 (PP)
9. Senateurs , Derek Boogaard 13 (Marek Svatos 15, Peter Regin 5) at 7:47 (PP)
10. Stars , Guillaume Latendresse 35 (John Tavares 57, Brian Lee 29) at 9:39
11. Stars , Alex Chiasson 15 (Jussi Jokinen 23, B.J. Crombeen 10) at 11:37
12. Stars , Jussi Jokinen 21 (John Tavares 58, Shane O'Brien 10) at 19:38 (Empty Net)
13. Senateurs , Maxim Lapierre 9 (Reilly Smith 15, Eric Gelinas 15) at 19:54

Penalties :
Cody Franson (Ott) for Interference (Minor) at 0:43, Sidney Crosby (Ott) for Hooking (Minor) at 1:00, B.J. Crombeen (Dal) for Tripping (Minor) at 7:12, Matt Moulson (Ott) for Interference (Minor) at 13:07, Ian White (Dal) for Holding (Minor) at 15:23

Goalie Stats

Matt Murray (Dal), 12 saves from 14 shots - (0.857), W, 14-2-0, 27:44 minutes
Cory Schneider (Dal), 15 saves from 19 shots - (0.789), 32:16 minutes
Jaroslav Halak (Ott), 29 saves from 35 shots - (0.829), L, 21-16-4, 59:18 minutes

Players Stats for Stars

Player Name              G  A  P  +/- PIM S  H  SB GA TA FO     MP     PP MP  PK MP  
------------------------------------------------------------------------------------
Alex Chiasson            2  0  2   3  0   5  2  0  1  0  0/0    14:43   3:48   0:00 
Alexander Frolov         0  0  0  -1  0   2  1  0  1  0  2/2    12:24   0:25   0:57 
Antoine Vermette         0  0  0   3  0   1  1  0  1  0  9/16   15:28   3:48   0:45 
B.J. Crombeen            0  1  1  -1  2   2  2  0  0  2  0/0    10:33   0:01   0:00 
Boris Valabik            0  0  0   3  0   1  2  1  0  0  0/0    20:02   3:38   1:36 
Brian Lee                1  2  3   0  2   2  3  1  1  1  0/0    29:25   5:16   5:00 
Cam Atkinson             0  0  0   0  0   0  0  0  0  1  0/0     5:42   0:00   0:00 
Cory Emmerton            0  0  0  -1  0   1  0  0  0  0  1/6    10:59   0:14   0:11 
Evgeny Grachev           0  0  0   0  0   0  1  0  0  0  3/6     9:13   0:00   3:03 
Guillaume Latendresse    1  1  2  -1  0   7  0  0  1  1  1/1    24:26   4:52   3:17 
Ian White                0  1  1   0  2   1  2  4  0  1  0/0    27:45   5:16   4:07 
John Tavares             1  2  3   0  4   3  3  0  0  1  18/34  23:33   4:59   2:17 
Jussi Jokinen            2  3  5   4  2   5  0  1  3  0  2/4    16:24   3:48   0:48 
Michael Grabner          0  0  0   0  0   1  0  0  0  0  0/1    21:37   4:47   0:37 
Paul Ladue               0  0  0  -1  0   2  0  2  0  1  0/0    12:55   0:00   1:17 
Shane O'Brien            0  3  3   3  0   3  3  0  0  0  0/0    19:56   3:38   1:30 
Ted Purcell              0  0  0   0  0   0  1  0  0  0  0/0     5:42   0:00   0:00 
Tyson Barrie             0  0  0  -1  0   0  2  1  0  1  0/0    10:23   0:00   0:00 

Players Stats for Senateurs

Player Name              G  A  P  +/- PIM S  H  SB GA TA FO     MP     PP MP  PK MP  
------------------------------------------------------------------------------------
Anthony Bitetto          0  0  0   0  0   0  0  0  0  0  0/0     3:36   0:00   0:31 
Arturs Kulda             0  0  0   0  0   0  0  2  0  0  0/0    10:27   0:00   1:58 
Brandon Burlon           0  0  0   0  0   2  3  2  1  0  0/0     9:58   0:00   0:05 
Brian McGrattan          0  0  0   0  0   1  0  1  1  0  0/0     7:14   0:00   0:22 
Cody Franson             1  2  3  -3  4   1  1  3  0  1  0/0    27:13   3:28   3:49 
Colby Armstrong          0  1  1  -1  0   2  0  1  0  0  0/0    19:08   3:22   1:43 
Derek Boogaard           2  0  2  -2  0   4  1  0  1  0  3/4    18:51   1:54   3:15 
Dion Phaneuf             0  3  3  -3  4   0  3  3  1  2  0/0    29:28   3:27   4:21 
Eric Gelinas             0  1  1   1  0   1  0  4  1  0  0/0    19:51   1:48   3:43 
Marek Svatos             0  2  2  -2  0   3  1  0  1  1  1/2    15:17   1:54   0:00 
Matt Martin              0  0  0  -1  0   4  2  1  1  1  0/0    24:22   3:22   5:10 
Matt Moulson             0  0  0   0  2   0  0  0  0  1  0/0     6:31   0:00   0:19 
Maxim Lapierre           1  0  1   1  0   2  2  0  1  0  4/5    12:28   0:00   1:50 
Nate Prosser             0  0  0   1  0   3  2  2  0  2  0/0    19:29   1:48   3:21 
Peter Regin              0  1  1  -2  2   0  1  0  0  0  3/8    16:07   1:54   0:57 
Reilly Smith             0  1  1   1  0   2  1  0  1  0  2/3    10:38   0:00   0:00 
Sergei Kostitsyn         0  0  0   1  0   2  0  0  0  0  0/2    11:48   0:00   0:00 
Sidney Crosby            2  0  2  -1  2   6  0  1  0  0  21/46  26:39   3:22   4:12 

3 Stars

1 - Jussi Jokinen (Dal)
2 - Alex Chiasson (Dal)
3 - Shane O'Brien (Dal)

Power Play

Stars - 2 on 7 Attempt(s) - 28.57%
Senateurs - 3 on 6 Attempt(s) - 50.00%

Penalty Kill

Stars - 3 on 6 Attempt(s) - 50.00% - Score 0 goal in Penalty Kill
Senateurs - 5 on 7 Attempt(s) - 71.43% - Score 0 goal in Penalty Kill

Team Stat

Stars - Hits : 23 - Faceoff Wins : 36 - Blocked Shots : 10 - Penalty Minutes : 12
Senateurs - Hits : 17 - Faceoff Wins : 34 - Blocked Shots : 20 - Penalty Minutes : 14

Official

Referees : Unknown
Linesman : Unknown

Game Notes

Matt Murray enters game at 12:16 of 2nd period
Jussi Jokinen has scored in a empty net!

Finance

Level 1 -- Attendance: 5452 (90.87%) -- Ticket Income $561,556
Level 2 -- Attendance: 4175 (83.50%) -- Ticket Income $283,900
Level 3 -- Attendance: 1582 (79.10%) -- Ticket Income $68,026
Level 4 -- Attendance: 3750 (93.75%) -- Ticket Income $105,000
Luxury Box -- Attendance: 914 (91.40%) -- Ticket Income $164,520
Game was played at the Place Banque Scotia.
Total Attendance: 15873 (88.18%)
Total Ticket Income: $1,183,002
Other Income: $177,450
Total Income: $1,360,452

Stars

5 vs 5 Forward 
   Center                   Left Wing                Right Wing               Time % Phy DF OF 
 1 John Tavares             Guillaume Latendresse    Michael Grabner          40     0   2  3  
 2 Antoine Vermette         Jussi Jokinen            Alex Chiasson            30     0   2  3  
 3 Cory Emmerton            Alexander Frolov         B.J. Crombeen            20     1   2  2  
 4 Evgeny Grachev           Ted Purcell              Cam Atkinson             10     1   2  2  

5 vs 5 Defense 
   Defense                  Defense                                           Time % Phy DF OF 
 1 Ian White                Brian Lee                                         40     1   2  2  
 2 Shane O'Brien            Boris Valabik                                     30     1   2  2  
 3 Tyson Barrie             Paul Ladue                                        20     1   2  2  
 4 Ian White                Brian Lee                                         10     1   2  2  

PowerPlay Forward 
   Center                   Left Wing                Right Wing               Time % Phy DF OF 
 1 John Tavares             Guillaume Latendresse    Michael Grabner          60     0   1  4  
 2 Antoine Vermette         Jussi Jokinen            Alex Chiasson            40     0   1  4  

PowerPlay Defense
   Defense                  Defense                                           Time % Phy DF OF 
 1 Ian White                Brian Lee                                         60     0   2  3  
 2 Shane O'Brien            Boris Valabik                                     40     0   2  3  

Penalty Kill 4 Players Forward 
   Center                   Wing                     Time % Phy DF OF 
 1 John Tavares             Guillaume Latendresse    60     0   3  2  
 2 Jussi Jokinen            Michael Grabner          40     0   3  2  

Penalty Kill 4 Players Defense
   Defense                  Defense                  Time % Phy DF OF 
 1 Ian White                Brian Lee                60     0   3  2  
 2 Shane O'Brien            Boris Valabik            40     0   3  2  

Penalty Kill - 3 Players Forward 
   Forward                                           Time % Phy DF OF 
 1 John Tavares                                      60     0   3  2  
 2 Guillaume Latendresse                             40     0   3  2  

Penalty Kill - 3 Players Defense
   Defense                  Defense                  Time % Phy DF OF 
 1 Ian White                Brian Lee                60     0   3  2  
 2 Shane O'Brien            Boris Valabik            40     0   3  2  

4 vs 4 Forward 
   Center                   Wing                     Time % Phy DF OF 
 1 John Tavares             Guillaume Latendresse    60     0   2  3  
 2 Jussi Jokinen            Michael Grabner          40     0   2  3  

4 vs 4 Defense
   Defense                  Defense                  Time % Phy DF OF 
 1 Ian White                Brian Lee                60     1   2  2  
 2 Shane O'Brien            Boris Valabik            40     1   2  2  

Last Minutes Offensive
   Center                   Left Wing                Right Wing               Defense                  Defense                  
   John Tavares             Guillaume Latendresse    Michael Grabner          Ian White                Brian Lee                

Last Minutes Defensive
   Center                   Left Wing                Right Wing               Defense                  Defense                  
   John Tavares             Guillaume Latendresse    Michael Grabner          Ian White                Brian Lee                

Goaltenders
Starting : Cory Schneider           
Backup : Matt Murray              

Extra Forwards
Normal : Alexander Frolov, Cory Emmerton, Evgeny Grachev - PP : Alexander Frolov, Cory Emmerton - PK : Evgeny Grachev
Extra Defensemen
Normal : Tyson Barrie, Paul Ladue, Shane O'Brien - PP : Tyson Barrie - PK : Paul Ladue, Shane O'Brien
Penalty Shots
John Tavares, Guillaume Latendresse, Jussi Jokinen, Michael Grabner, Antoine Vermette

Scratches
Andrej Sustr (Healthy), Damien Brunner (Healthy)

Senateurs

5 vs 5 Forward 
   Center                   Left Wing                Right Wing               Time % Phy DF OF 
 1 Sidney Crosby            Matt Martin              Colby Armstrong          40     1   2  2  
 2 Peter Regin              Derek Boogaard           Marek Svatos             30     1   2  2  
 3 Maxim Lapierre           Sergei Kostitsyn         Reilly Smith             20     1   2  2  
 4 Sidney Crosby            Matt Moulson             Brian McGrattan          10     1   2  2  

5 vs 5 Defense 
   Defense                  Defense                                           Time % Phy DF OF 
 1 Dion Phaneuf             Cody Franson                                      40     1   2  2  
 2 Eric Gelinas             Nate Prosser                                      30     1   2  2  
 3 Brandon Burlon           Arturs Kulda                                      20     1   2  2  
 4 Anthony Bitetto          Dion Phaneuf                                      10     1   2  2  

PowerPlay Forward 
   Center                   Left Wing                Right Wing               Time % Phy DF OF 
 1 Sidney Crosby            Matt Martin              Colby Armstrong          60     1   2  2  
 2 Peter Regin              Derek Boogaard           Marek Svatos             40     1   2  2  

PowerPlay Defense
   Defense                  Defense                                           Time % Phy DF OF 
 1 Dion Phaneuf             Cody Franson                                      60     1   2  2  
 2 Eric Gelinas             Nate Prosser                                      40     1   2  2  

Penalty Kill 4 Players Forward 
   Center                   Wing                     Time % Phy DF OF 
 1 Sidney Crosby            Matt Martin              60     1   2  2  
 2 Derek Boogaard           Colby Armstrong          40     1   2  2  

Penalty Kill 4 Players Defense
   Defense                  Defense                  Time % Phy DF OF 
 1 Dion Phaneuf             Cody Franson             60     1   2  2  
 2 Eric Gelinas             Nate Prosser             40     1   2  2  

Penalty Kill - 3 Players Forward 
   Forward                                           Time % Phy DF OF 
 1 Sidney Crosby                                     60     1   2  2  
 2 Matt Martin                                       40     1   2  2  

Penalty Kill - 3 Players Defense
   Defense                  Defense                  Time % Phy DF OF 
 1 Dion Phaneuf             Cody Franson             60     1   2  2  
 2 Eric Gelinas             Nate Prosser             40     1   2  2  

4 vs 4 Forward 
   Center                   Wing                     Time % Phy DF OF 
 1 Sidney Crosby            Matt Martin              60     1   2  2  
 2 Derek Boogaard           Colby Armstrong          40     1   2  2  

4 vs 4 Defense
   Defense                  Defense                  Time % Phy DF OF 
 1 Dion Phaneuf             Cody Franson             60     1   2  2  
 2 Eric Gelinas             Nate Prosser             40     1   2  2  

Last Minutes Offensive
   Center                   Left Wing                Right Wing               Defense                  Defense                  
   Sidney Crosby            Matt Martin              Colby Armstrong          Dion Phaneuf             Cody Franson             

Last Minutes Defensive
   Center                   Left Wing                Right Wing               Defense                  Defense                  
   Sidney Crosby            Matt Martin              Colby Armstrong          Dion Phaneuf             Cody Franson             

Goaltenders
Starting : Jaroslav Halak           
Backup : Jonas Hiller             

Extra Forwards
Normal : Reilly Smith, Sergei Kostitsyn, Maxim Lapierre - PP : Reilly Smith, Sergei Kostitsyn - PK : Maxim Lapierre
Extra Defensemen
Normal : Brandon Burlon, Arturs Kulda, Anthony Bitetto - PP : Brandon Burlon - PK : Arturs Kulda, Anthony Bitetto
Penalty Shots
Sidney Crosby, Matt Martin, Derek Boogaard, Colby Armstrong, Marek Svatos

Scratches
Nick Bjugstad (Suspend)

% Time on Ice - Stars

Lines # - Real PCT - Wanted PCT - Time Play
Normal Forward
1 - 38% - 40% - 16:07
2 - 25% - 30% - 10:55
3 - 24% - 20% - 10:14
4 - 13% - 10% - 5:42
Normal Defense
1 - 42% - 40% - 17:50
2 - 32% - 30% - 13:42
3 - 24% - 20% - 10:23
4 - 2% - 10% - 1:03
PP Forward
1 - 57% - 60% - 5:06
2 - 43% - 40% - 3:48
PP Defense
1 - 59% - 60% - 5:16
2 - 41% - 40% - 3:38
PK Forward
1 - 88% - 60% - 4:34
2 - 12% - 40% - 0:37
PK Defense
1 - 72% - 60% - 3:45
2 - 28% - 40% - 1:26
PK3 Forward
1 - 100% - 60% - 1:34
2 - 0% - 40% - 0:00
PK3 Defense
1 - 96% - 60% - 1:30
2 - 4% - 40% - 0:04
44 Forward
1 - 100% - 60% - 0:25
2 - 0% - 40% - 0:00
44 Defense
1 - 48% - 60% - 0:12
2 - 52% - 40% - 0:13
Last Minute Offensive  - 0:00
Last Minute Defensive  - 0:58
Total
Forward - 60:00
Defense - 60:00

% Time on Ice - Senateurs

Lines # - Real PCT - Wanted PCT - Time Play
Normal Forward
1 - 32% - 40% - 13:32
2 - 32% - 30% - 13:57
3 - 22% - 20% - 9:35
4 - 14% - 10% - 5:53
Normal Defense
1 - 41% - 40% - 17:37
2 - 33% - 30% - 14:03
3 - 19% - 20% - 8:12
4 - 7% - 10% - 3:05
PP Forward
1 - 64% - 60% - 3:22
2 - 36% - 40% - 1:54
PP Defense
1 - 66% - 60% - 3:28
2 - 34% - 40% - 1:48
PK Forward
1 - 81% - 60% - 7:11
2 - 19% - 40% - 1:43
PK Defense
1 - 62% - 60% - 5:33
2 - 38% - 40% - 3:21
PK3 Forward
1 - 0% - 60%
2 - 0% - 40%
PK3 Defense
1 - 0% - 60%
2 - 0% - 40%
44 Forward
1 - 85% - 60% - 1:37
2 - 15% - 40% - 0:17
44 Defense
1 - 85% - 60% - 1:37
2 - 15% - 40% - 0:17
Last Minute Offensive  - 0:59
Last Minute Defensive  - 0:00
Total
Forward - 60:00
Defense - 60:00

Play-by-Play

1st period


0:01 of 1st period - Sidney Crosby wins face-off versus John Tavares in neutral zone.
0:04 of 1st period - Brian Lee is hit by Cody Franson and loses puck.
1:10 of 1st period - Evgeny Grachev is hit by Matt Martin and loses puck.
1:33 of 1st period - Wrist shot by John Tavares.
1:33 of 1st period - Shot Blocked by Arturs Kulda.
1:47 of 1st period - Snap shot by Marek Svatos.
1:47 of 1st period - Shot Blocked by Ian White.
1:49 of 1st period - Snap shot by Derek Boogaard.
1:49 of 1st period - Stopped by Cory Schneider with a rebound.
1:51 of 1st period - Slapshot by Anthony Bitetto.
1:51 of 1st period - Shot Misses the Net.
2:35 of 1st period - Slapshot by B.J. Crombeen.
2:35 of 1st period - Stopped by Jaroslav Halak without a rebound.
2:36 of 1st period - Antoine Vermette wins face-off versus Marek Svatos in Senateurs zone.
3:12 of 1st period - Snap shot by Michael Grabner.
3:12 of 1st period - Shot Blocked by Eric Gelinas.
3:24 of 1st period - Snap shot by Sidney Crosby.
3:24 of 1st period - Stopped by Cory Schneider with a rebound.
3:40 of 1st period - Slapshot by Derek Boogaard.
3:40 of 1st period - Stopped by Cory Schneider with a rebound.
3:53 of 1st period - Off-side.
3:54 of 1st period - Sidney Crosby wins face-off versus Antoine Vermette in neutral zone.
4:27 of 1st period - Paul Ladue is hit by Derek Boogaard and loses puck.
4:44 of 1st period - Paul Ladue is hit by Brandon Burlon and loses puck.
5:01 of 1st period - Alexander Frolov is hit by Matt Martin and loses puck.
5:52 of 1st period - Icing by Brian Lee.
5:53 of 1st period - Evgeny Grachev wins face-off versus Sidney Crosby in Stars zone.
6:02 of 1st period - Snap shot by Evgeny Grachev.
6:02 of 1st period - Shot Blocked by Eric Gelinas.
6:04 of 1st period - Snap shot by Cam Atkinson.
6:04 of 1st period - Shot Blocked by Sidney Crosby.
6:06 of 1st period - Snap shot by Cam Atkinson.
6:06 of 1st period - Shot Misses the Net.
6:08 of 1st period - Slapshot by Brian Lee.
6:08 of 1st period - Deflect By Evgeny Grachev.
6:08 of 1st period - Shot Misses the Net.
6:08 of 1st period - Puck is out of play.
6:09 of 1st period - Marek Svatos wins face-off versus John Tavares in Senateurs zone.
6:20 of 1st period - Snap shot by Marek Svatos.
6:20 of 1st period - Stopped by Cory Schneider with a rebound.
6:36 of 1st period - Antoine Vermette is hit by Brandon Burlon and loses puck.
7:00 of 1st period - Wrist shot by B.J. Crombeen.
7:00 of 1st period - Stopped by Jaroslav Halak with a rebound.
7:02 of 1st period - Snap shot by Cory Emmerton.
7:02 of 1st period - Shot Blocked by Cody Franson.
8:08 of 1st period - Marek Svatos is hit by Alex Chiasson.
8:40 of 1st period - Colby Armstrong is hit by Ted Purcell and loses puck.
9:05 of 1st period - Snap shot by Marek Svatos.
9:05 of 1st period - Stopped by Cory Schneider with a rebound.
10:01 of 1st period - Sidney Crosby is hit by Ian White and loses puck.
10:08 of 1st period - Snap shot by Cam Atkinson.
10:08 of 1st period - Shot Blocked by Eric Gelinas.
10:22 of 1st period - Paul Ladue is hit by Reilly Smith.
10:34 of 1st period - John Tavares is hit by Peter Regin and loses puck.
11:02 of 1st period - Arturs Kulda is hit by Alexander Frolov and loses puck.
11:17 of 1st period - Matt Martin is hit by Tyson Barrie and loses puck.
12:21 of 1st period - Sidney Crosby is hit by B.J. Crombeen and loses puck.
14:13 of 1st period - Matt Moulson is hit by Boris Valabik and loses puck.
14:20 of 1st period - Shane O'Brien is hit by Nate Prosser and loses puck.
14:41 of 1st period - Slapshot by Guillaume Latendresse.
14:41 of 1st period - Stopped by Jaroslav Halak with a rebound.
14:53 of 1st period - Wrist shot by John Tavares.
14:53 of 1st period - Shot Blocked by Brian McGrattan.
15:00 of 1st period - Eric Gelinas is hit by John Tavares and loses puck.
15:11 of 1st period - Snap shot by Brian McGrattan.
15:11 of 1st period - Shot Hit the Post.
15:30 of 1st period - Snap shot by Sergei Kostitsyn.
15:30 of 1st period - Stopped by Cory Schneider with a rebound.
15:32 of 1st period - Slapshot by Eric Gelinas.
15:32 of 1st period - Stopped by Cory Schneider without a rebound.
15:33 of 1st period - Jussi Jokinen wins face-off versus Sidney Crosby in Stars zone.
16:00 of 1st period - Derek Boogaard is hit by B.J. Crombeen and loses puck.
16:23 of 1st period - Backhand shot by Cam Atkinson.
16:23 of 1st period - Shot Blocked by Brandon Burlon.
16:34 of 1st period - Icing by Cam Atkinson.
16:35 of 1st period - Antoine Vermette wins face-off versus Peter Regin in Stars zone.
16:40 of 1st period - Marek Svatos is hit by Tyson Barrie and loses puck.
16:57 of 1st period - Wrist shot by Alexander Frolov.
16:57 of 1st period - Stopped by Jaroslav Halak without a rebound.
16:58 of 1st period - Sidney Crosby wins face-off versus Cory Emmerton in Senateurs zone.
17:05 of 1st period - Snap shot by Sidney Crosby.
17:05 of 1st period - Deflect By Colby Armstrong.
17:05 of 1st period - Stopped by Cory Schneider with a rebound.
17:07 of 1st period - Slapshot by Dion Phaneuf.
17:07 of 1st period - Shot Misses the Net.
17:09 of 1st period - Wrist shot by Colby Armstrong.
17:09 of 1st period - Stopped by Cory Schneider with a rebound.
17:36 of 1st period - Eric Gelinas is hit by Antoine Vermette and loses puck.
17:43 of 1st period - Minor Penalty to Peter Regin for Roughing.
17:44 of 1st period - John Tavares wins face-off versus Sidney Crosby in Senateurs zone.
18:20 of 1st period - Snap shot by Jussi Jokinen.
18:20 of 1st period - Shot Blocked by Dion Phaneuf.
18:22 of 1st period - Slapshot by Brian Lee.
18:22 of 1st period - Goal by Brian Lee - Stars : 1 - Senateurs : 0.
18:23 of 1st period - John Tavares wins face-off versus Sidney Crosby in neutral zone.
18:50 of 1st period - Peter Regin is hit by Brian Lee.
18:56 of 1st period - Snap shot by Jussi Jokinen.
18:56 of 1st period - Shot Misses the Net.
18:58 of 1st period - Wrist shot by Jussi Jokinen.
18:58 of 1st period - Stopped by Jaroslav Halak with a rebound.
19:00 of 1st period - Wrist shot by Alex Chiasson.
19:00 of 1st period - Stopped by Jaroslav Halak without a rebound.
19:01 of 1st period - Sidney Crosby wins face-off versus John Tavares in Senateurs zone.
19:01 of 1st period - Sidney Crosby is hit by John Tavares.
19:09 of 1st period - Snap shot by Matt Martin.
19:09 of 1st period - Stopped by Cory Schneider without a rebound.
19:10 of 1st period - Sidney Crosby wins face-off versus John Tavares in Stars zone.
19:35 of 1st period - Snap shot by John Tavares.
19:35 of 1st period - Stopped by Jaroslav Halak without a rebound.
19:36 of 1st period - Maxim Lapierre wins face-off versus Antoine Vermette in Senateurs zone.
19:36 of 1st period - Maxim Lapierre is hit by Brian Lee.
Goals for this period are 1 for Stars vs 0 for Senateurs.
Shots for this period are 8 for Stars vs 10 for Senateurs.

2nd period


0:01 of 2nd period - Guillaume Latendresse wins face-off versus Sidney Crosby in neutral zone.
0:06 of 2nd period - Wrist shot by John Tavares.
0:06 of 2nd period - Stopped by Jaroslav Halak without a rebound.
0:07 of 2nd period - John Tavares wins face-off versus Sidney Crosby in Senateurs zone.
0:16 of 2nd period - Wrist shot by John Tavares.
0:16 of 2nd period - Shot Blocked by Cody Franson.
0:22 of 2nd period - Wrist shot by Michael Grabner.
0:22 of 2nd period - Shot Blocked by Cody Franson.
0:24 of 2nd period - Slapshot by Brian Lee.
0:24 of 2nd period - Shot Misses the Net.
0:26 of 2nd period - Wrist shot by Michael Grabner.
0:26 of 2nd period - Shot Misses the Net.
0:52 of 2nd period - Minor Penalty to Dion Phaneuf for Roughing.
0:53 of 2nd period - Antoine Vermette wins face-off versus Sidney Crosby in Senateurs zone.
0:55 of 2nd period - Snap shot by Antoine Vermette.
0:55 of 2nd period - Stopped by Jaroslav Halak with a rebound.
1:17 of 2nd period - Nate Prosser is hit by Shane O'Brien and loses puck.
2:52 of 2nd period - Penalty to Dion Phaneuf is over, Dion Phaneuf is back on ice.
2:54 of 2nd period - Icing by Derek Boogaard.
2:55 of 2nd period - Maxim Lapierre wins face-off versus Antoine Vermette in Senateurs zone.
3:11 of 2nd period - Wrist shot by Evgeny Grachev.
3:11 of 2nd period - Shot Misses the Net.
4:19 of 2nd period - Snap shot by Guillaume Latendresse.
4:19 of 2nd period - Deflect By Michael Grabner.
4:19 of 2nd period - Shot Misses the Net.
4:19 of 2nd period - Puck is out of play.
4:20 of 2nd period - John Tavares wins face-off versus Reilly Smith in Senateurs zone.
4:23 of 2nd period - Snap shot by Michael Grabner.
4:23 of 2nd period - Stopped by Jaroslav Halak without a rebound.
4:24 of 2nd period - Peter Regin wins face-off versus John Tavares in Senateurs zone.
4:31 of 2nd period - Slapshot by Cody Franson.
4:31 of 2nd period - Goal by Cody Franson - Stars : 1 - Senateurs : 1.
4:32 of 2nd period - John Tavares wins face-off versus Sidney Crosby in neutral zone.
4:34 of 2nd period - Minor Penalty to John Tavares for Roughing.
4:35 of 2nd period - Evgeny Grachev wins face-off versus Sidney Crosby in Stars zone.
4:47 of 2nd period - Snap shot by Matt Martin.
4:47 of 2nd period - Stopped by Cory Schneider without a rebound.
4:48 of 2nd period - Sidney Crosby wins face-off versus Evgeny Grachev in Stars zone.
4:57 of 2nd period - Snap shot by Matt Martin.
4:57 of 2nd period - Stopped by Cory Schneider with a rebound.
5:13 of 2nd period - Evgeny Grachev is hit by Dion Phaneuf and loses puck.
5:18 of 2nd period - Snap shot by Derek Boogaard.
5:18 of 2nd period - Shot Misses the Net.
6:34 of 2nd period - Penalty to John Tavares is over, John Tavares is back on ice.
6:47 of 2nd period - Guillaume Latendresse is hit by Maxim Lapierre and loses puck.
7:00 of 2nd period - Snap shot by Sidney Crosby.
7:00 of 2nd period - Shot Misses the Net.
7:20 of 2nd period - Slapshot by Ian White.
7:20 of 2nd period - Deflect By Marek Svatos.
7:20 of 2nd period - Stopped by Jaroslav Halak without a rebound.
7:21 of 2nd period - Peter Regin wins face-off versus Cory Emmerton in Senateurs zone.
7:21 of 2nd period - Peter Regin is hit by Shane O'Brien.
7:33 of 2nd period - Wrist shot by Cory Emmerton.
7:33 of 2nd period - Stopped by Jaroslav Halak with a rebound.
8:19 of 2nd period - Snap shot by Alex Chiasson.
8:19 of 2nd period - Stopped by Jaroslav Halak with a rebound.
8:21 of 2nd period - Snap shot by Alex Chiasson.
8:21 of 2nd period - Shot Blocked by Eric Gelinas.
8:23 of 2nd period - Snap shot by Jussi Jokinen.
8:23 of 2nd period - Stopped by Jaroslav Halak without a rebound.
8:24 of 2nd period - Antoine Vermette wins face-off versus Peter Regin in Senateurs zone.
8:31 of 2nd period - Slapshot by Cody Franson.
8:31 of 2nd period - Shot Blocked by Jussi Jokinen.
8:45 of 2nd period - Minor Penalty to Jussi Jokinen for Tripping.
8:46 of 2nd period - Sidney Crosby wins face-off versus John Tavares in Stars zone.
8:51 of 2nd period - Snap shot by Sidney Crosby.
8:51 of 2nd period - Shot Blocked by Ian White.
8:53 of 2nd period - Wrist shot by Sidney Crosby.
8:53 of 2nd period - Stopped by Cory Schneider without a rebound.
8:54 of 2nd period - Sidney Crosby wins face-off versus John Tavares in Stars zone.
9:08 of 2nd period - Minor Penalty to John Tavares for Holding.
9:09 of 2nd period - Evgeny Grachev wins face-off versus Sidney Crosby in Stars zone.
9:13 of 2nd period - Minor Penalty to Dion Phaneuf for Slashing.
9:14 of 2nd period - Sidney Crosby wins face-off versus Evgeny Grachev in Senateurs zone.
9:18 of 2nd period - Off-side.
9:19 of 2nd period - Sidney Crosby wins face-off versus Evgeny Grachev in neutral zone.
9:28 of 2nd period - Wrist shot by Brian Lee.
9:28 of 2nd period - Shot Misses the Net.
9:38 of 2nd period - Cody Franson is hit by Ian White and loses puck.
10:34 of 2nd period - Snap shot by Matt Martin.
10:34 of 2nd period - Shot Blocked by Ian White.
10:36 of 2nd period - Wrist shot by Matt Martin.
10:36 of 2nd period - Stopped by Cory Schneider with a rebound.
10:38 of 2nd period - Slapshot by Brandon Burlon.
10:38 of 2nd period - Stopped by Cory Schneider without a rebound.
10:39 of 2nd period - Derek Boogaard wins face-off versus Antoine Vermette in Stars zone.
10:42 of 2nd period - Slapshot by Derek Boogaard.
10:42 of 2nd period - Goal by Derek Boogaard - Stars : 1 - Senateurs : 2.
10:43 of 2nd period - Alexander Frolov wins face-off versus Derek Boogaard in neutral zone.
10:46 of 2nd period - Eric Gelinas is hit by Boris Valabik and loses puck.
10:53 of 2nd period - Wrist shot by Guillaume Latendresse.
10:53 of 2nd period - Shot Blocked by Colby Armstrong.
10:55 of 2nd period - Slapshot by Shane O'Brien.
10:55 of 2nd period - Stopped by Jaroslav Halak without a rebound.
10:56 of 2nd period - Alexander Frolov wins face-off versus Sidney Crosby in Senateurs zone.
11:08 of 2nd period - Penalty to John Tavares is over, John Tavares is back on ice.
11:13 of 2nd period - Penalty to Dion Phaneuf is over, Dion Phaneuf is back on ice.
11:16 of 2nd period - Off-side.
11:17 of 2nd period - Antoine Vermette wins face-off versus Peter Regin in neutral zone.
11:20 of 2nd period - Wrist shot by Jussi Jokinen.
11:20 of 2nd period - Stopped by Jaroslav Halak with a rebound.
11:22 of 2nd period - Wrist shot by Shane O'Brien.
11:22 of 2nd period - Stopped by Jaroslav Halak with a rebound.
11:24 of 2nd period - Snap shot by Jussi Jokinen.
11:24 of 2nd period - Shot Misses the Net.
11:26 of 2nd period - Snap shot by Alex Chiasson.
11:26 of 2nd period - Goal by Alex Chiasson - Stars : 2 - Senateurs : 2.
11:27 of 2nd period - Sidney Crosby wins face-off versus John Tavares in neutral zone.
11:41 of 2nd period - Minor Penalty to Brian Lee for Hooking.
11:42 of 2nd period - John Tavares wins face-off versus Sidney Crosby in Stars zone.
11:56 of 2nd period - Slapshot by Sidney Crosby.
11:56 of 2nd period - Goal by Sidney Crosby - Stars : 2 - Senateurs : 3.
11:57 of 2nd period - John Tavares wins face-off versus Sidney Crosby in neutral zone.
12:04 of 2nd period - Snap shot by Guillaume Latendresse.
12:04 of 2nd period - Stopped by Jaroslav Halak without a rebound.
12:05 of 2nd period - Sidney Crosby wins face-off versus John Tavares in Senateurs zone.
12:16 of 2nd period - Wrist shot by Sidney Crosby.
12:16 of 2nd period - Goal by Sidney Crosby - Stars : 2 - Senateurs : 4.
12:16 of 2nd period - Matt Murray enters game.
12:17 of 2nd period - John Tavares wins face-off versus Sidney Crosby in neutral zone.
12:28 of 2nd period - Snap shot by Sidney Crosby.
12:28 of 2nd period - Stopped by Matt Murray without a rebound.
12:29 of 2nd period - Sidney Crosby wins face-off versus John Tavares in Stars zone.
13:47 of 2nd period - Slapshot by Sidney Crosby.
13:47 of 2nd period - Shot Misses the Net.
14:01 of 2nd period - Slapshot by Tyson Barrie.
14:01 of 2nd period - Shot Blocked by Brandon Burlon.
14:03 of 2nd period - Slapshot by Paul Ladue.
14:03 of 2nd period - Stopped by Jaroslav Halak with a rebound.
14:05 of 2nd period - Wrist shot by Paul Ladue.
14:05 of 2nd period - Shot Blocked by Arturs Kulda.
14:07 of 2nd period - Slapshot by Paul Ladue.
14:07 of 2nd period - Shot Misses the Net.
14:09 of 2nd period - Slapshot by Paul Ladue.
14:09 of 2nd period - Stopped by Jaroslav Halak without a rebound.
14:10 of 2nd period - John Tavares wins face-off versus Sergei Kostitsyn in Senateurs zone.
14:13 of 2nd period - Wrist shot by Guillaume Latendresse.
14:13 of 2nd period - Stopped by Jaroslav Halak without a rebound.
14:14 of 2nd period - John Tavares wins face-off versus Maxim Lapierre in Senateurs zone.
14:15 of 2nd period - Backhand shot by Michael Grabner.
14:15 of 2nd period - Shot Misses the Net.
14:25 of 2nd period - Wrist shot by Reilly Smith.
14:25 of 2nd period - Stopped by Matt Murray with a rebound.
14:27 of 2nd period - Slapshot by Dion Phaneuf.
14:27 of 2nd period - Deflect By Maxim Lapierre.
14:27 of 2nd period - Stopped by Matt Murray with a rebound.
14:40 of 2nd period - Ian White is hit by Dion Phaneuf and loses puck.
14:47 of 2nd period - Snap shot by Jussi Jokinen.
14:47 of 2nd period - Goal by Jussi Jokinen - Stars : 3 - Senateurs : 4.
14:48 of 2nd period - John Tavares wins face-off versus Sidney Crosby in neutral zone.
14:55 of 2nd period - Slapshot by Brian Lee.
14:55 of 2nd period - Stopped by Jaroslav Halak with a rebound.
14:57 of 2nd period - Minor Penalty to Cody Franson for Delaying the game.
14:58 of 2nd period - Sidney Crosby wins face-off versus John Tavares in Senateurs zone.
15:39 of 2nd period - Slapshot by Guillaume Latendresse.
15:39 of 2nd period - Stopped by Jaroslav Halak without a rebound.
15:40 of 2nd period - Antoine Vermette wins face-off versus Sidney Crosby in Senateurs zone.
15:49 of 2nd period - Snap shot by Alex Chiasson.
15:49 of 2nd period - Shot Blocked by Nate Prosser.
15:51 of 2nd period - Slapshot by Boris Valabik.
15:51 of 2nd period - Shot Blocked by Nate Prosser.
15:53 of 2nd period - Slapshot by Shane O'Brien.
15:53 of 2nd period - Stopped by Jaroslav Halak without a rebound.
15:54 of 2nd period - Antoine Vermette wins face-off versus Sidney Crosby in Senateurs zone.
16:57 of 2nd period - Penalty to Cody Franson is over, Cody Franson is back on ice.
17:13 of 2nd period - Snap shot by Alexander Frolov.
17:13 of 2nd period - Deflect By Cory Emmerton.
17:13 of 2nd period - Shot Misses the Net.
17:13 of 2nd period - Puck is out of play.
17:14 of 2nd period - Maxim Lapierre wins face-off versus Jussi Jokinen in Senateurs zone.
17:23 of 2nd period - Snap shot by Sergei Kostitsyn.
17:23 of 2nd period - Stopped by Matt Murray with a rebound.
17:25 of 2nd period - Snap shot by Sergei Kostitsyn.
17:25 of 2nd period - Shot Blocked by Paul Ladue.
19:03 of 2nd period - Snap shot by Brandon Burlon.
19:03 of 2nd period - Stopped by Matt Murray without a rebound.
19:04 of 2nd period - Sidney Crosby wins face-off versus John Tavares in Stars zone.
19:05 of 2nd period - Snap shot by Matt Martin.
19:05 of 2nd period - Shot Misses the Net.
Goals for this period are 2 for Stars vs 4 for Senateurs.
Shots for this period are 19 for Stars vs 14 for Senateurs.

3rd period


0:01 of 3rd period - John Tavares wins face-off versus Sidney Crosby in neutral zone.
0:43 of 3rd period - Minor Penalty to Cody Franson for Interference.
0:44 of 3rd period - John Tavares wins face-off versus Sidney Crosby in Senateurs zone.
0:57 of 3rd period - Wrist shot by John Tavares.
0:57 of 3rd period - Goal by John Tavares - Stars : 4 - Senateurs : 4.
0:58 of 3rd period - Sidney Crosby wins face-off versus Michael Grabner in neutral zone.
1:00 of 3rd period - Minor Penalty to Sidney Crosby for Hooking.
1:01 of 3rd period - Maxim Lapierre wins face-off versus John Tavares in Senateurs zone.
1:32 of 3rd period - Wrist shot by Brian Lee.
1:32 of 3rd period - Shot Blocked by Dion Phaneuf.
3:00 of 3rd period - Penalty to Sidney Crosby is over, Sidney Crosby is back on ice.
3:11 of 3rd period - Wrist shot by Sidney Crosby.
3:11 of 3rd period - Shot Blocked by Boris Valabik.
3:27 of 3rd period - Ted Purcell is hit by Brandon Burlon and loses puck.
3:46 of 3rd period - Cory Emmerton is hit by Maxim Lapierre and loses puck.
4:05 of 3rd period - Ted Purcell is hit by Nate Prosser and loses puck.
5:05 of 3rd period - Icing by Guillaume Latendresse.
5:06 of 3rd period - John Tavares wins face-off versus Peter Regin in Stars zone.
6:26 of 3rd period - Sidney Crosby is hit by John Tavares and loses puck.
7:12 of 3rd period - Minor Penalty to B.J. Crombeen for Tripping.
7:13 of 3rd period - Sidney Crosby wins face-off versus John Tavares in Stars zone.
7:38 of 3rd period - Ian White is hit by Marek Svatos and loses puck.
7:47 of 3rd period - Snap shot by Derek Boogaard.
7:47 of 3rd period - Goal by Derek Boogaard - Stars : 4 - Senateurs : 5.
7:48 of 3rd period - Sidney Crosby wins face-off versus Antoine Vermette in neutral zone.
7:53 of 3rd period - Antoine Vermette is hit by Dion Phaneuf and loses puck.
8:00 of 3rd period - Wrist shot by Matt Martin.
8:00 of 3rd period - Shot Misses the Net.
8:02 of 3rd period - Wrist shot by Matt Martin.
8:02 of 3rd period - Shot Blocked by Ian White.
8:04 of 3rd period - Slapshot by Dion Phaneuf.
8:04 of 3rd period - Deflect By Sidney Crosby.
8:04 of 3rd period - Shot Blocked by Brian Lee.
8:04 of 3rd period - Puck is out of play.
8:05 of 3rd period - Derek Boogaard wins face-off versus John Tavares in Stars zone.
8:08 of 3rd period - Wrist shot by Marek Svatos.
8:08 of 3rd period - Stopped by Matt Murray with a rebound.
8:13 of 3rd period - Off-side.
8:14 of 3rd period - John Tavares wins face-off versus Peter Regin in neutral zone.
8:17 of 3rd period - Slapshot by Brian Lee.
8:17 of 3rd period - Shot Blocked by Dion Phaneuf.
8:21 of 3rd period - Wrist shot by John Tavares.
8:21 of 3rd period - Shot Misses the Net.
8:23 of 3rd period - Snap shot by Michael Grabner.
8:23 of 3rd period - Shot Misses the Net.
8:31 of 3rd period - Wrist shot by Guillaume Latendresse.
8:31 of 3rd period - Stopped by Jaroslav Halak with a rebound.
8:33 of 3rd period - Wrist shot by Ian White.
8:33 of 3rd period - Shot Hit the Post.
8:51 of 3rd period - Peter Regin is hit by Brian Lee and loses puck.
9:06 of 3rd period - Wrist shot by Peter Regin.
9:06 of 3rd period - Shot Misses the Net.
9:39 of 3rd period - Wrist shot by Guillaume Latendresse.
9:39 of 3rd period - Goal by Guillaume Latendresse - Stars : 5 - Senateurs : 5.
9:40 of 3rd period - Antoine Vermette wins face-off versus Sidney Crosby in neutral zone.
9:42 of 3rd period - Off-side.
9:43 of 3rd period - Sidney Crosby wins face-off versus Jussi Jokinen in neutral zone.
10:32 of 3rd period - Slapshot by Nate Prosser.
10:32 of 3rd period - Shot Misses the Net.
10:34 of 3rd period - Wrist shot by Sidney Crosby.
10:34 of 3rd period - Stopped by Matt Murray without a rebound.
10:35 of 3rd period - Sidney Crosby wins face-off versus Antoine Vermette in Stars zone.
10:36 of 3rd period - Snap shot by Matt Moulson.
10:36 of 3rd period - Shot Misses the Net.
10:38 of 3rd period - Snap shot by Brian McGrattan.
10:38 of 3rd period - Stopped by Matt Murray without a rebound.
10:39 of 3rd period - Antoine Vermette wins face-off versus Sidney Crosby in Stars zone.
11:25 of 3rd period - Icing by Dion Phaneuf.
11:26 of 3rd period - Peter Regin wins face-off versus Cory Emmerton in Senateurs zone.
11:37 of 3rd period - Slapshot by Alex Chiasson.
11:37 of 3rd period - Goal by Alex Chiasson - Stars : 6 - Senateurs : 5.
11:38 of 3rd period - Sidney Crosby wins face-off versus John Tavares in neutral zone.
12:20 of 3rd period - Anthony Bitetto is hit by Shane O'Brien and loses puck.
13:07 of 3rd period - Minor Penalty to Matt Moulson for Interference.
13:08 of 3rd period - John Tavares wins face-off versus Sidney Crosby in Senateurs zone.
14:16 of 3rd period - Snap shot by Guillaume Latendresse.
14:16 of 3rd period - Stopped by Jaroslav Halak without a rebound.
14:17 of 3rd period - Derek Boogaard wins face-off versus Antoine Vermette in Senateurs zone.
14:26 of 3rd period - Snap shot by Alex Chiasson.
14:26 of 3rd period - Stopped by Jaroslav Halak with a rebound.
14:28 of 3rd period - Wrist shot by Boris Valabik.
14:28 of 3rd period - Stopped by Jaroslav Halak without a rebound.
14:29 of 3rd period - Jussi Jokinen wins face-off versus Sidney Crosby in Senateurs zone.
15:07 of 3rd period - Penalty to Matt Moulson is over, Matt Moulson is back on ice.
15:12 of 3rd period - Snap shot by Reilly Smith.
15:12 of 3rd period - Stopped by Matt Murray with a rebound.
15:14 of 3rd period - Slapshot by Nate Prosser.
15:14 of 3rd period - Deflect By Alexander Frolov.
15:14 of 3rd period - Stopped by Matt Murray with a rebound.
15:16 of 3rd period - Slapshot by Nate Prosser.
15:16 of 3rd period - Stopped by Matt Murray with a rebound.
15:18 of 3rd period - Slapshot by Nate Prosser.
15:18 of 3rd period - Stopped by Matt Murray with a rebound.
15:20 of 3rd period - Wrist shot by Sergei Kostitsyn.
15:20 of 3rd period - Deflect By Maxim Lapierre.
15:20 of 3rd period - Shot Misses the Net.
15:20 of 3rd period - Puck is out of play.
15:21 of 3rd period - Cory Emmerton wins face-off versus Sergei Kostitsyn in Stars zone.
15:23 of 3rd period - Minor Penalty to Ian White for Holding.
15:24 of 3rd period - John Tavares wins face-off versus Sidney Crosby in Stars zone.
16:36 of 3rd period - Colby Armstrong is hit by Evgeny Grachev and loses puck.
17:23 of 3rd period - Penalty to Ian White is over, Ian White is back on ice.
18:19 of 3rd period - Wrist shot by Alexander Frolov.
18:19 of 3rd period - Stopped by Jaroslav Halak with a rebound.
18:41 of 3rd period - Sergei Kostitsyn is hit by Alex Chiasson.
18:56 of 3rd period - Senateurs, Jaroslav Halak is pulled from the net.
19:10 of 3rd period - Slapshot by Jussi Jokinen.
19:10 of 3rd period - Shot Blocked by Matt Martin.
19:12 of 3rd period - Snap shot by Jussi Jokinen.
19:12 of 3rd period - Shot Misses the Net.
19:38 of 3rd period - Wrist shot by Jussi Jokinen.
19:38 of 3rd period - Goal by Jussi Jokinen - Stars : 7 - Senateurs : 5.
19:38 of 3rd period - Jaroslav Halak from Senateurs was sent back in the game.
19:39 of 3rd period - Reilly Smith wins face-off versus Cory Emmerton in neutral zone.
19:42 of 3rd period - Snap shot by Sergei Kostitsyn.
19:42 of 3rd period - Shot Misses the Net.
19:44 of 3rd period - Wrist shot by Sergei Kostitsyn.
19:44 of 3rd period - Deflect By Maxim Lapierre.
19:44 of 3rd period - Shot Blocked by Tyson Barrie.
19:44 of 3rd period - Puck is out of play.
19:45 of 3rd period - Reilly Smith wins face-off versus Cory Emmerton in Stars zone.
19:46 of 3rd period - Snap shot by Maxim Lapierre.
19:46 of 3rd period - Shot Blocked by Paul Ladue.
19:54 of 3rd period - Snap shot by Maxim Lapierre.
19:54 of 3rd period - Goal by Maxim Lapierre - Stars : 7 - Senateurs : 6.
19:55 of 3rd period - John Tavares wins face-off versus Sidney Crosby in neutral zone.
Goals for this period are 4 for Stars vs 2 for Senateurs.
Shots for this period are 9 for Stars vs 9 for Senateurs. Output by the SimonT Hockey Simulator (STHS) for Francois Prevost - Original Page W3C HTML5 Valid
Hockey Simulator - Hockey Simulation - Hockey Manager